 Dungeon Crawl Stone Soup version 0.31-a0-473-g61b50ae490 (webtiles) character file.

Game seed: 5572510768536410913

8170 MisterAzrael the Thaumaturge (level 11, -1/83 HPs)
             Began as a Djinni Fire Elementalist on Aug 7, 2023.
             Was a Believer of Qazlal.
             Killed by an exploding skyshark (18 damage)
             ... ignited by their inner flame
             ... on level 9 of the Dungeon.
             The game lasted 00:22:00 (10722 turns).

MisterAzrael the Thaumaturge (DjFE)                Turns: 10722, Time: 00:22:01

Health: -1/83      AC:  9    Str: 12    XL:     11   Next: 50%
Gold:   656        EV: 10    Int: 21    God:    Qazlal [**....] SH:  3 Dex: 20

rFire   + . .        E - melded +7 staff of the Meek {protect, meekguard}
rCold   x . .        (shield currently unavailable)
rNeg    . . .        C - melded +0 acid dragon scales
rPois   ∞            (helmet currently unavailable)
rElec   .            (cloak currently unavailable)
rCorr   .            d - melded +1 pair of gloves
SInv    .            (boots unavailable)
Will    +....        H - amulet of faith
Stlth   ++           j - ring of fire
HPRegen 0.33/turn    n - +6 ring of dexterity
MPRegen 0.00/turn

%: faith, infuse magic (-2 HP)
@: snake-form, flying
A: constrict, flying, sickness immunity, large, (fire resistance 2), (cold
vulnerability 1), float, innate caster, HP casting, extra vitality 1, (deformed
body), subdued magic 1, MP-powered wands
a: Begin Untransformation, Renounce Religion, Upheaval


You were on level 9 of the Dungeon.
You worshipped Qazlal.
Qazlal was pleased with you.
You were an enormous anaconda.
You visited 2 branches of the dungeon, and saw 10 of its levels.

You collected 656 gold pieces.

Inventory:

Hand Weapons
 E - the +7 staff of the Meek (melded) {protect, meekguard}
   (You found it on level 8 of the Dungeon)
Missiles
 u - a throwing net
Armour
 a - a +0 robe
 d - a +1 pair of gloves (melded)
 x - +0 steam dragon scales
 C - +0 acid dragon scales (melded)
Jewellery
 c - the macabre finger necklace {Finger+ rN+}
   (You took it off a tengu conjurer on level 9 of the Dungeon)

   [amulet of nothing]

   Finger+:   It enables you to equip an extra ring.
   rN:        It protects you from negative energy.
 j - a ring of fire (left hand)
 n - a +6 ring of dexterity (right hand)
 H - an amulet of faith (around neck)
Talismans
 h - a serpent talisman (active)
Wands
 f - a wand of iceblast (8)
 q - a wand of polymorph (7)
 v - a wand of digging (4)
 D - a wand of acid (9)
 F - a wand of charming (10)
Scrolls
 b - 3 scrolls of vulnerability
 e - 3 scrolls of blinking {unknown}
 g - a scroll of noise
 k - 3 scrolls of teleportation
 t - 2 scrolls of amnesia {unknown}
 w - 3 scrolls of enchant armour {unknown}
 y - a scroll of immolation {unknown}
 B - 3 scrolls of identify
Potions
 i - a potion of brilliance {unknown}
 l - 2 potions of lignification {unknown}
 m - 3 potions of curing {unknown}
 o - a potion of invisibility {unknown}
 p - 2 potions of might {unknown}
 r - a potion of magic {unknown}
 s - a potion of degeneration {unknown}
 z - a potion of enlightenment {unknown}
 A - 2 potions of mutation
 G - 2 potions of cancellation {unknown}


   Skills:
 - Level 8.8 Fighting
 - Level 2.1 Dodging
 - Level 1.5 Stealth
 + Level 9.8 Spellcasting
 + Level 9.8 Conjurations
 + Level 9.8 Hexes
   Level 0.0 Charms
 + Level 9.8 Summonings
 + Level 9.8 Necromancy
 + Level 9.8 Translocations
 + Level 9.8 Transmutations
 + Level 9.8 Fire Magic
 + Level 9.8 Ice Magic
 + Level 9.8 Air Magic
 + Level 9.8 Earth Magic
 + Level 9.8 Poison Magic
 + Level 2.8 Invocations
 * Level 7.4 Shapeshifting


You knew the following spells:

 Your Spells              Type           Power      Damage    Failure   Level
a - Foxfire               Conj/Fire      100%       2x1d9     1%          1
b - Scorch                Fire           100%       2d9       1%          2
c - Volatile Blastmotes   Fire/Tloc      100%       2d18      1%          3
d - Inner Flame           Hex/Fire       56%        N/A       1%          3
e - Flame Wave            Conj/Fire      56%        2d13      1%          4
f - Shock                 Conj/Air       100%       1d9       1%          1
g - Static Discharge      Conj/Air       78%        2-6/arc   1%          2
h - Vhi's Electric Charg  Tloc/Air       78%        N/A       1%          3
i - Cause Fear            Hex            19%        N/A       1%          4
j - Animate Armour        Summ/Erth      78%        N/A       1%          4
Your spell library was empty.

Dungeon Overview and Level Annotations

Branches:
Dungeon (9/15)             Temple (1/1) D:6            Lair (0/5) D:9
    Orc (0/2) D:9

Altars:
Ashenzari
Cheibriados
Dithmenos
Elyvilon
Fedhas
Gozag
Hepliaklqana
Makhleb
Nemelex Xobeh
Qazlal
Ru
Trog
Uskayaw
Wu Jian
Xom
Yredelemnul
Zin
The Shining One

Shops:
D:1 (**[   D:3 (   D:6 *


Innate Abilities, Weirdness & Mutations

You are an enormous anaconda.
You have a powerful constriction melee attack.
You are flying.
Your armour is entirely melded.
You are incapable of wielding weapons or throwing items.
You are immune to sickness and miasma.
You are immune to poison.
((Your flesh is very heat resistant. (rF++)))
((You are vulnerable to cold. (rC-)))
You float through the air rather than walking.
You learn spells naturally, not from books.
Your magical power is your life essence.
You have superior vitality. (+4 MHP)
((Armour fits poorly on your strangely shaped body.))
Your spells are a little easier to cast, but a little less powerful.
You expend health (3 HP) to strengthen your wands.


Message History

The fungus is lightly damaged.
You are struck by an arc of lightning.
The fungus is struck by an arc of lightning.
The fungus is lightly damaged.
The lightning grounds out.
The skyshark is struck by an arc of lightning.
Flame seeps out of the skyshark.
The skyshark is moderately wounded.
You are struck by an arc of lightning.
The lightning grounds out.
The skyshark is engulfed in blazing flames.
Flame seeps out of the skyshark.
You block the skyshark's attack.
The skyshark tail-slaps you but does no damage.
The skyshark tail-slaps you.
Casting: Static Discharge (safe; 1% risk of failure)
Confirm with . or Enter, or press ? or * to list all spells.
The fungus is struck by an arc of lightning!
The fungus is lightly damaged.
The skyshark is struck by an arc of lightning!
Flame seeps out of the skyshark.
The skyshark is severely wounded.
You are struck by an arc of lightning.
* * * LOW HITPOINT WARNING * * *
The lightning grounds out.
The skyshark is struck by an arc of lightning!
Flame seeps out of the skyshark.
The skyshark is almost dead.
You are struck by an arc of lightning.
* * * LOW HITPOINT WARNING * * *
The skyshark is struck by an arc of lightning!
Flame seeps out of the skyshark.
The skyshark is almost dead.
The lightning grounds out.
* * * LOW HITPOINT WARNING * * *
The skyshark is no longer moving slowly.
A nearby fungus withers and dies.
The skyshark is engulfed in blazing flames.
Qazlal accepts your kill.
The skyshark explodes!
The fiery explosion engulfs you!! You resist.
You die...

#.# #..##.#.#
#.########.....#.#
#############.#.........####.#
#.............#..............#
#H##############[.######.......
###..#### #.......
######§......###....... ##
#.....○#####........... .
##....§S§####........... #
##..........##........... #
###........................ ###
#.......................... #.#
#..............P...########
#.#####......####..:.^<..#
#.#.#........#>.#.......##
.#.#..#......#..'.....###
.#.#####.....####.....#


There were no monsters in sight!

Vanquished Creatures
  A deep elf knight (D:9)
  A skyshark (shapeshifter) (D:9)
  Pikel (D:5)
  A cyclops (D:9)
  A tengu conjurer (D:9)
  A troll (D:9)
  A hornet (D:8)
  A wyvern (D:9)
  2 yaks (D:9)
  3 steam dragons
  Menkaure (D:5)
  An acid dragon (D:8)
  Duvessa (D:7)
  3 black bears
  6 orc warriors
  2 ice beasts
  An ogre (D:7)
  4 phantoms
  2 kobold brigands
  5 bullfrogs
  3 gnoll sergeants
  4 scorpions
  10 wights
  Dowan (D:7)
  6 killer bees (D:9)
  4 howler monkeys (D:7)
  6 hounds
  A jelly (D:6)
  10 orc priests
  An iguana (D:5)
  6 orc wizards
  21 gnolls
  5 adders
  A shadow imp (D:7)
  A white imp (D:7)
  2 ufetubi (D:5)
  3 worms (D:2)
  A dart slug (D:7)
  21 orcs
  8 bats
  4 endoplasms
  2 giant cockroaches
  7 hobgoblins
  4 jackals (D:3)
  17 kobolds
  8 quokkas
  4 ball pythons
  3 frilled lizards
  8 goblins
  7 rats
218 creatures vanquished.

Vanquished Creatures (collateral kills)
  A cyclops (D:9)
  A bullfrog (D:9)
  3 orcs (D:9)
5 creatures vanquished.

Vanquished Creatures (others)
  155 foxfires
155 creatures vanquished.

Grand Total: 378 creatures vanquished

Notes
Turn   | Place    | Note
-------+----------+-------------------------------------------
     0 | D:1      | MisterAzrael the Djinni Fire Elementalist began the quest
                  | for the Orb.
     0 | D:1      | MisterAzrael set off with the following spells memorised:
                  | Foxfire, Scorch, Volatile Blastmotes, Inner Flame, Flame
                  | Wave.
     0 | D:1      | Reached XP level 1. HP: 15/15 MP: 0/0
    53 | D:1      | Reached XP level 2. HP: 12/21 MP: 0/0
   154 | D:1      | Found Vycwym Qeu's Antique Weapon Boutique.
   383 | D:1      | Reached XP level 3. HP: 21/25 MP: 0/0
   383 | D:1      | Learned a level 1 spell: Shock
   438 | D:1      | Found Kofogo's Assorted Antiques.
   542 | D:1      | Found Oxianeeh's General Store.
   566 | D:1      | Found a faded altar of an unknown god.
   893 | D:1      | Found Okymuoh's Antique Armour Shop.
  1389 | D:2      | Reached XP level 4. HP: 20/31 MP: 0/0
  2240 | D:3      | Found Solyim's Antique Weapon Shop.
  2388 | D:3      | Reached XP level 5. HP: 31/35 MP: 0/0
  2388 | D:3      | Learned a level 2 spell: Static Discharge
  2851 | D:3      | Reached skill level 5 in Spellcasting
  2851 | D:3      | Reached skill level 5 in Conjurations
  2851 | D:3      | Reached skill level 5 in Hexes
  2851 | D:3      | Reached skill level 5 in Summonings
  2851 | D:3      | Reached skill level 5 in Necromancy
  2851 | D:3      | Reached skill level 5 in Translocations
  2851 | D:3      | Reached skill level 5 in Transmutations
  2851 | D:3      | Reached skill level 5 in Fire Magic
  2851 | D:3      | Reached skill level 5 in Ice Magic
  2851 | D:3      | Reached skill level 5 in Air Magic
  2851 | D:3      | Reached skill level 5 in Earth Magic
  2851 | D:3      | Reached skill level 5 in Poison Magic
  2910 | D:4      | Reached XP level 6. HP: 35/40 MP: 0/0
  3129 | D:4      | Reached XP level 7. HP: 60/60 MP: 0/0
  3129 | D:4      | Learned a level 3 spell: Vhi's Electric Charge
  3130 | D:4      | Gained mutation: You are weak. (Str -2) [potion of
                  | mutation]
  3131 | D:4      | Lost mutation: You are weak. (Str -2) [potion of mutation]
  3131 | D:4      | Gained mutation: Armour fits poorly on your strangely
                  | shaped body. [potion of mutation]
  3131 | D:4      | Gained mutation: Your spells are a little easier to cast,
                  | but a little less powerful. [potion of mutation]
  3131 | D:4      | Gained mutation: You expend health (3 HP) to strengthen
                  | your wands. [potion of mutation]
  3429 | D:4      | Reached skill level 1 in Shapeshifting
  3515 | D:4      | Found a basalt altar of Yredelemnul.
  3516 | D:4      | Found an ornate altar of the Wu Jian Council.
  3625 | D:5      | Entered Level 5 of the Dungeon
  3735 | D:5      | Reached XP level 8. HP: 37/67 MP: 0/0
  3959 | D:5      | Noticed Pikel
  3964 | D:5      | Killed Pikel
  4076 | D:5      | Noticed Menkaure
  4081 | D:5      | Killed Menkaure
  4082 | D:5      | Reached XP level 9. HP: 30/71 MP: 0/0
  4082 | D:5      | Learned a level 4 spell: Cause Fear
  4398 | D:5      | Found a bloodstained altar of Trog.
  4736 | D:6      | Found Dotwiock's Gadget Gallery.
  4832 | D:6      | Found a staircase to the Ecumenical Temple.
  4881 | Temple   | Entered the Ecumenical Temple
  4902 | Temple   | Became a worshipper of Qazlal Stormbringer
  5177 | D:6      | Found an opulent altar of Gozag.
  5591 | D:6      | Found a glowing silver altar of Zin.
  5669 | D:6      | Found a faded altar of an unknown god.
  5676 | D:6      | Found a faded altar of an unknown god.
  5678 | D:6      | Found a hide-covered altar of Uskayaw.
  5680 | D:6      | Found a sacrificial altar of Ru.
  5749 | D:7      | Found a snail-covered altar of Cheibriados.
  5961 | D:7      | Noticed Dowan
  5965 | D:7      | Noticed Duvessa
  5970 | D:7      | Killed Dowan
  5971 | D:7      | Killed Duvessa
  6268 | D:7      | Reached XP level 10. HP: 38/77 MP: 0/0
  7171 | D:8      | Reached skill level 5 in Shapeshifting
  7194 | D:8      | Reached * piety under Qazlal
  8430 | D:8      | Found the +7 staff of the Meek {protect, meekguard}
  8573 | D:8      | Reached ** piety under Qazlal
  8843 | D:9      | Noticed a cyclops
  8863 | D:9      | Killed a cyclops
  8864 | D:9      | Reached XP level 11. HP: 35/82 MP: 0/0
  8864 | D:9      | Learned a level 4 spell: Animate Armour
  8993 | D:9      | Noticed a deep elf knight
  8998 | D:9      | Killed a deep elf knight
  8999 | D:9      | Reached skill level 1 in Invocations
  9487 | D:9      | Noticed a cyclops
  9507 | D:9      | Killed a cyclops
 10115 | D:9      | Found a staircase to the Lair.
 10149 | D:9      | Found a staircase to the Orcish Mines.
 10454 | D:9      | Noticed a manticore
 10706 | D:9      | Noticed a skyshark
 10722 | D:9      | Killed a skyshark
 10722 | D:9      | Killed by an exploding skyshark... ignited by their inner
                  | flame

Illustrated notes

Levels and vault maps discovered:
D:1:      giann_horns, layout_basic, chequers_ecumenical_altar_twisty,
          serial_shops, shop, nicolae_shop_real_fake_doors, nicolae_shop_stone,
          nicolae_shop_hallway_stairs, minmay_octomino_c4
D:2:      layout_loops_ring
D:3:      minmay_general_purpose_star, layout_basic, serial_shops, shop_statue
D:4:      layout_rooms, minitemple, minmay_misc_feat_cross
D:5:      layout_basic, mainiacjoe_overflow_chevrons, serial_curves,
          eino_curves_04, eino_curves_01, eino_curves_02, eino_curves_04,
          kennysheep_small_circle, uniq_menkaure, uniq_pikel
D:6:      layout_loops_ring, pdpol_temple_overflow_zin_treasury_gozag_greed,
          chequers_temple_overflow_minitemple,
          minmay_temple_entry_drinking_statues, nicolae_shop_gadgets
D:7:      layout_cave_pods, kennysheep_slug_shrine, uniq_duvessa
D:8:      layout_basic, enter_bailey_2, pf_guarded_unrand_meek
D:9:      minmay_chopped_fan, layout_basic, grunt_lair_entry_orc_guard_hut,
          orc_0_dummy, hangedman_abyss_or_decor_stagger
Temple:   minmay_temple_bridge_abc

Skill      XL: |  1  2  3  4  5  6  7  8  9 10 11 |
---------------+----------------------------------+-----
Spellcasting   | 4 5 8 9 |  9.8
Conjurations   | 4 5 8 9 |  9.8
Hexes          | 4 5 8 9 |  9.8
Summonings     | 4 5 8 9 |  9.8
Necromancy     | 4 5 8 9 |  9.8
Translocations | 4 5 8 9 |  9.8
Transmutations | 4 5 8 9 |  9.8
Fire Magic     | 4 5 8 9 |  9.8
Ice Magic      | 4 5 8 9 |  9.8
Air Magic      | 4 5 8 9 |  9.8
Earth Magic    | 4 5 8 9 |  9.8
Poison Magic   | 4 5 8 9 |  9.8
Fighting       | 8 |  8.8
Shapeshifting  | 1 2 4 6 7 |  7.4
Invocations    | 2 |  2.8
Dodging        | |  2.1
Stealth        | |  1.5

Action                     |  1- 3 |  4- 6 |  7- 9 | 10-12 || total
---------------------------+-------+-------+-------+-------++-------
  Melee: Unarmed           |       |       |     1 |    11 ||    12
         Quarterstaff      |       |       |       |     3 ||     3
         Constrict         |       |       |       |     3 ||     3
   Cast: Foxfire           |    43 |       |       |    45 ||    88
         Shock             |    17 |    89 |   116 |    30 ||   252
         Inner Flame       |    15 |       |    22 |    55 ||    92
         Scorch            |       |     5 |     2 |    47 ||    54
         Static Discharge  |       |       |     3 |     4 ||     7
         Flame Wave        |       |       |     4 |     2 ||     6
         Vhi's Electric Ch |       |       |     1 |       ||     1
         Cause Fear        |       |       |       |     6 ||     6
         Volatile Blastmot |       |       |       |     1 ||     1
         Animate Armour    |       |       |       |     5 ||     5
    Use: Scroll            |       |     6 |       |     1 ||     7
         Potion            |       |     1 |     2 |     1 ||     4
 Armour: Robe              |     2 |     4 |     4 |       ||    10
         Steam dragon scal |       |       |     3 |     8 ||    11
         Skin              |       |       |       |    15 ||    15
         Acid dragon scale |       |       |       |     2 ||     2
  Dodge: Dodged            |       |    20 |    27 |    70 ||   117
  Block: Other             |       |       |       |     5 ||     5
   Form: Anaconda          |       |       |       |     1 ||     1

Table legend: (Time is in decaauts)
 A = Elapsed time spent in this place.
 B = Non-inter-level travel time spent in this place.
 C = Inter-level travel time spent in this place.
 D = Time resting spent in this place.
 E = Time spent auto-exploring this place.
 F = Levels seen in this place.
 G = Mean time per level.
                   A        B        C        D        E       F      G
               +--------+--------+--------+--------+--------+-----+--------+
         Total |  10722 |  10483 |    239 |   3081 |   6078 |  10 | 1072.2 |
       Dungeon |  10665 |  10436 |    229 |   3081 |   6078 |   9 | 1185.0 |
        Temple |     56 |     46 |     10 |      0 |      0 |   1 |   56.0 |
               +--------+--------+--------+--------+--------+-----+--------+

Top non-repeatable levels by time:
     D:9: 1924 daAuts
     D:8: 1545 daAuts
     D:7: 1502 daAuts
     D:6: 1093 daAuts
     D:2: 1056 daAuts
     D:5: 973 daAuts
     D:1: 943 daAuts
     D:3: 845 daAuts
     D:4: 780 daAuts
  Temple: 56 daAuts
